 Dungeon Crawl Stone Soup version 0.32-a0-484-g2eb335deba (webtiles) character file.

Game seed: 15214037750600861271

75 SmallerGod the Trooper (level 4, 0/35 HPs)
             Began as a Mummy Fighter on Feb 26, 2024.
             Slain by Natasha (7 damage)
             ... on level 2 of the Dungeon.
             The game lasted 00:02:10 (1650 turns).

SmallerGod the Trooper (Mummy Fighter)              Turns: 1650, Time: 00:02:11

Health: 0/35       AC:  6    Str: 21    XL:     4   Next: 11%
Magic:  4/4        EV:  9    Int:  7    God:
Gold:   153        SH:  4    Dex: 11    Spells: 3/3 levels left

rFire   x . .        a - +0 trident
rCold   + . .        c - +0 buckler
rNeg    + + +        b - +0 scale mail
rPois   ∞            (no helmet)
rElec   .            (no cloak)
rCorr   .            (no gloves)
SInv    .            (no boots)
Will    .....        (no amulet) Stlth
                     (no ring)
HPRegen 0.25/turn    (no ring)
MPRegen 0.09/turn

%: faith
@: slowed, very slow
A: cold resistance 1, negative energy resistance 3, torment resistance 2, heat
vulnerability 1, in touch with death 1, no potions, faith
a: no special abilities


You were on level 2 of the Dungeon.
You visited 1 branch of the dungeon, and saw 3 of its levels.

You collected 153 gold pieces.

Inventory:

Hand Weapons
 a - a +0 trident (weapon)
Armour
 b - a +0 scale mail (worn)
 c - a +0 buckler (worn)
Jewellery
 f - a ring of fire
Scrolls
 d - 2 scrolls of immolation {unknown}
 e - a scroll of summoning {unknown}
 g - a scroll of blinking {unknown}
 h - a scroll of vulnerability {!r}
 i - 2 scrolls of identify {@r1}


   Skills:
 + Level 3.4 Fighting
 * Level 2.6 Polearms
 + Level 2.8 Armour
 + Level 2.8 Shields


You had 3 spell levels left.
You didn't know any spells.
Your spell library was empty.

Dungeon Overview and Level Annotations

Branches:
Dungeon (3/15)

Altars:

Annotations:
D:2 Natasha


Innate Abilities, Weirdness & Mutations

You are immune to poison.
Your flesh is cold resistant. (rC+)
You are immune to negative energy. (rN+++)
You are immune to unholy pain and torment.
You are vulnerable to heat. (rF-)
You are in touch with the powers of death.
You do not drink.
You have a special connection with the divine. (Faith)


Message History

You are too injured to fight recklessly!
You are too injured to fight recklessly!
You hit Natasha but do no damage.
Natasha stares at you and mumbles some strange words.
You resist with some effort. The cerulean imp barely misses you.
Natasha claws you but does no damage.
The cerulean imp hits you but does no damage.
You barely miss Natasha. Natasha casts a spell at you. The magic dart hits you.
The cerulean imp hits you but does no damage.
You barely miss Natasha. Natasha casts a spell at you. The magic dart hits you.
The cerulean imp hits you but does no damage.
You block the cerulean imp's attack. Natasha claws you.
You closely miss Natasha. Natasha claws you.
You block the cerulean imp's attack.
The cerulean imp hits you but does no damage.
Natasha closely misses you. Natasha barely misses you.
The cerulean imp hits you with a +0 spear.
* * * LOW HITPOINT WARNING * * *
The cerulean imp hits you with a +0 spear.
* * * LOW HITPOINT WARNING * * *
Natasha mumbles some strange words.
There is a stone staircase leading up here.
The cerulean imp hits you but does no damage.
Natasha claws you but does no damage.
The cerulean imp hits you from afar with a +1 spear.
* * * LOW HITPOINT WARNING * * *
You climb upwards.
The cerulean imp disappears in a puff of smoke! x2
There is a stone staircase leading down here.
As you read the scroll labelled PALUXU SUMEUHUK, it crumbles to dust.
It is a scroll of identify.
h - a scroll of vulnerability Natasha claws you!
You die...
Natasha begins licking her fur clean.

#.# #....#...#...#...
#.###..#.#...#...#.#.
#.##..##.#..#.#..#.##
#.##..#(.#..#.#..#..#
#.##..####..#.#..####
#.###..##..##.##..##.
#######.###......#.).#.....
#.........##....##...##....
#.........@##..##[....##..#
#.........h#####..#.#..####
#..........####..#####..#
#............##..#)#.#..#
#..........#.##..#†#.#..###
#..........#.###...#...##.#
#########.....###.###.##...
####..÷.########.#.
##.#>...)####.#.


You could see Natasha.

Vanquished Creatures
  2 dart slugs (D:1)
  2 ribbon worms (D:2)
  3 orcs
  4 bats
  3 endoplasms
  4 giant cockroaches
  6 goblins
  5 hobgoblins
  11 jackals
  A quokka (D:3)
  5 ball pythons
  3 frilled lizards
  4 kobolds
  4 rats
57 creatures vanquished.

Notes
Turn   | Place    | Note
-------+----------+-------------------------------------------
     0 | D:1      | SmallerGod the Mummy Fighter began the quest for the Orb.
     0 | D:1      | Reached XP level 1. HP: 18/18 MP: 1/1
    73 | D:1      | Reached XP level 2. HP: 24/24 MP: 2/2
   397 | D:1      | Reached XP level 3. HP: 28/29 MP: 3/3
  1470 | D:2      | Reached XP level 4. HP: 20/35 MP: 4/4
  1636 | D:3      | Noticed Natasha
  1650 | D:2      | Slain by Natasha

Illustrated notes

Levels and vault maps discovered:
D:1:      minmay_arrival_arboretum_small, layout_loops_ring
D:2:      layout_rooms, minmay_puff
D:3:      layout_rooms, uniq_sigmund, uniq_natasha, uniq_grinder

Skill      XL: |  1  2 |
---------------+-------+-----
Polearms       | 2 |  2.6
Fighting       | |  3.4
Armour         | |  2.8
Shields        | |  2.8

Action                     |  1- 3 |  4- 6 || total
---------------------------+-------+-------++-------
  Melee: Trident           |   165 |    20 ||   185
    Use: Scroll            |       |     1 ||     1
 Armour: Scale mail        |    97 |    26 ||   123
  Dodge: Dodged            |    55 |    11 ||    66
  Block: Buckler           |    29 |     5 ||    34

Table legend: (Time is in decaauts)
 A = Elapsed time spent in this place.
 B = Non-inter-level travel time spent in this place.
 C = Inter-level travel time spent in this place.
 D = Time resting spent in this place.
 E = Time spent auto-exploring this place.
 F = Levels seen in this place.
 G = Mean time per level.
                   A        B        C        D        E       F      G
               +--------+--------+--------+--------+--------+-----+--------+
         Total |   1699 |   1625 |     74 |     55 |   1166 |   3 |  566.3 |
       Dungeon |   1699 |   1625 |     74 |     55 |   1166 |   3 |  566.3 |
               +--------+--------+--------+--------+--------+-----+--------+

Top non-repeatable levels by time:
     D:2: 856 daAuts
     D:1: 694 daAuts
     D:3: 148 daAuts
